Map: Triton LE

Players

SpaceMarine - Winner!

  • Race: Protoss Protoss
  • Spawn Location: 11:00

Marsman

  • Race: Protoss Protoss
  • Spawn Location: 5:00

Event: IEM Katowice 2020

VOD

Have the link to the VOD?

Description

Time

  • Played on: Feb. 25, 2020, 4:37 a.m.
  • Length: 5:17

All games in this series

Show
View Real Time Build Order
Export as new Build Order

SpaceMarine Protoss - Winner!

Build Orders:  

Get SALT Encoding   

  12  0:01  Probe  
  13  0:13  Probe  
  14  0:17  Pylon  
  14  0:25  Probe (Chrono Boost)  
  15  0:37  Probe (Chrono Boost)  
  15  0:39  Gateway  
  16  0:45  Probe (Chrono Boost)  
  16  0:46  Assimilator  
  17  0:51  Probe (Chrono Boost)  
  17  0:54  Assimilator  
  18  1:03  Probe (Chrono Boost)  
  19  1:10  Gateway  
  19  1:12  Probe (Chrono Boost)  
  19  1:18  Probe  
  21  1:27  Cybernetics Core  
  21  1:30  Probe  
  22  1:40  Pylon  
  22  1:42  Probe  
  23  2:03  Stalker x2  
  23  2:04  Robotics Facility  
  27  2:10  Warp Gate  
  27  2:14  Pylon  
  27  2:33  Stalker x2  
  30  2:49  Immortal (Chrono Boost)  
  34  3:18  Warp Prism (Chrono Boost)  
  34  3:24  Gateway  
  36  3:40  Pylon  
  34  3:47  Immortal  
  38  3:58  Pylon  
  38  4:02  Adept  
  40  4:03  Adept  
  42  4:17  Twilight Council  
  42  4:36  Observer  
  43  4:43  Stalker x3  
  49  4:57  Dark Shrine  
  49  5:10  Adept  
  49  5:11  Adept x2  
Show
View Real Time Build Order
Export as new Build Order

Marsman Protoss 

Build Orders:  

Get SALT Encoding   

  12  0:00  Probe  
  13  0:13  Probe  
  14  0:17  Pylon  
  14  0:25  Probe  
  15  0:35  Gateway  
  15  0:39  Probe (Chrono Boost)  
  16  0:43  Assimilator  
  17  0:50  Probe (Chrono Boost)  
  17  0:52  Assimilator  
  17  0:55  Probe (Chrono Boost)  
  18  1:05  Probe (Chrono Boost)  
  18  1:09  Gateway  
  19  1:14  Probe (Chrono Boost)  
  20  1:19  Probe (Chrono Boost)  
  21  1:25  Cybernetics Core  
  21  1:31  Probe  
  22  1:37  Pylon  
  22  1:43  Probe  
  23  1:56  Gateway  
  23  2:03  Warp Gate (Chrono Boost), Stalker x2  
  27  2:13  Pylon  
  27  2:21  Probe  
  28  2:32  Stalker  
  28  2:33  Stalker  
  32  2:43  Stalker  
  34  2:50  Shield Battery  
  33  3:00  Pylon  
  33  3:02  Stalker  
  35  3:09  Stalker  
  37  3:41  Stalker x2  
  39  3:47  Stalker  
  43  3:54  Pylon  
  43  4:07  Nexus  
  43  4:19  Robotics Facility  
  43  4:22  Probe  
  43  4:33  Sentry x2  
  43  4:34  Sentry  
  43  4:36  Probe  
  50  4:48  Probe  
  50  4:49  Pylon  
  50  4:51  Shield Battery  
  51  5:07  Stalker x2  

Tags
 
Add a new tag
Caveats
  • Supply blocks, unpowered buildings, or Contaminate may cause inaccurate times.
  • Supply counts are checked every 10 seconds.